 Dungeon Crawl Stone Soup version 0.27-a0-77-gd04b7445b5 (webtiles) character file.

Game seed: 6200308255098210276

360 gruber the Tainter (level 6, 0/36 HPs)
             Began as an Octopode Venom Mage on Jan 13, 2021.
             Slain by a centaur (8 damage)
             ... on level 4 of the Dungeon.
             The game lasted 00:04:20 (3114 turns).

gruber the Tainter (Octopode Venom Mage)            Turns: 3114, Time: 00:04:20

Health: 0/36       AC:  1    Str:  7    XL:     6   Next: 65%
Magic:  0/9        EV: 13    Int: 19    God:
Gold:   166        SH:  0    Dex: 13    Spells: 2/9 levels left

rFire    . . .     SeeInvis +   a - +0 short sword (venom)
rCold    . . .     Faith    .   (no shield)
rNeg     + . .     Spirit   +   (helmet restricted)
rPois    .         Reflect  .   g - amulet of guardian spirit
rElec    .         Harm     .   o - ring of positive energy
rCorr    .         Rampage  .   r - ring of see invisible
Will     .....                  (no ring)
Stlth    +++.......             (no ring)
HPRegen  0.12/turn              (no ring)
MPRegen  0.11/turn              (no ring)
                                (no ring)
                                (no ring)

@: no status effects
A: almost no armour, stealthy swim, amphibious, 8 rings, constrict 8, camouflage
1, gelatinous body 1
a: no special abilities


You were on level 4 of the Dungeon.
You visited 1 branch of the dungeon, and saw 4 of its levels.

You collected 166 gold pieces.

Inventory:

Hand Weapons
 a - a +0 short sword of venom (weapon)
Jewellery
 g - an amulet of guardian spirit (around mantle)
 o - a ring of positive energy (left tentacle)
 r - a ring of see invisible (right tentacle)
Scrolls
 b - 5 scrolls of identify {unknown}
 e - a scroll of amnesia {unknown}
 f - 4 scrolls of teleportation {unknown}
 h - a scroll of immolation {unknown}
 k - 4 scrolls of remove curse {unknown}
 m - a scroll of fog {unknown}
 n - a scroll of blinking {unknown}
 p - a scroll of magic mapping {unknown}
 q - a scroll of enchant weapon {unknown}
Potions
 c - a potion of heal wounds {unknown}
 d - 2 potions of curing {unknown}
 i - a potion of resistance {unknown}
 j - a potion of magic {unknown}
 l - a potion of flight {unknown}


   Skills:
 - Level 2.0 Dodging
 - Level 2.6 Stealth
 - Level 2.0 Spellcasting
 - Level 1.0 Transmutations
 + Level 8.7 Poison Magic


You had 2 spell levels left.
You knew the following spells:

 Your Spells              Type           Power        Failure   Level
a - Sting                 Tmut/Pois      80%          2%          1
b - Mephitic Cloud        Conj/Pois/Air  13%          16%         3
c - Ignite Poison         Fire/Tmut/Pois 14%          13%         3

Your spell library contained the following spells:

 Spells                   Type           Power        Failure   Level
 Poisonous Vapours        Pois/Air       36%          4%          2
 Olgreb's Toxic Radiance  Pois           35%          4%          4


Dungeon Overview and Level Annotations

Branches:
Dungeon (4/15)
 Temple: D:4-7

Altars:
Nemelex Xobeh
Wu Jian
Xom
Yredelemnul
The Shining One


Innate Abilities, Weirdness & Mutations

You cannot wear most types of armour.
You are very stealthy in the water. (Stealth+)
You are amphibious.
You can wear up to eight rings at the same time.
You can use your tentacles to constrict eight enemies at once.
Your skin changes colour to match your surroundings (Stealth+).
Your rubbery body absorbs attacks. (AC +1, EV +1)


Message History

The centaur appears confused.
You barely miss the orc.
The orc is lightly wounded.
You constrict the orc.
You kill the orc!
The centaur is engulfed in noxious fumes.
The centaur appears confused.
The centaur says, "I'm a little confused."
The centaur is engulfed in noxious fumes.
The centaur appears confused.
You hit the centaur.
The centaur is poisoned.
The centaur is moderately wounded.
Unknown command.
Unknown command.
The centaur unwields a +0 shortbow.
The centaur hits you.
* * * LOW HITPOINT WARNING * * *
You hit the centaur but do no damage.
The centaur looks as sick as possible!
The centaur is heavily wounded.
The centaur barely misses you. The centaur hits you!
You die...

########## ##### .........#
#...# ...........# #...#
...........# #...# ...........
#...# .......... #..c#
.....###'#####°.@#
.....##....)(°.).#
.....##...#####+#######
........#.......#.....#
######......#####.###.#
#......# #.†.....##### ##
#o.....# #.#.........#
.#####o.....###.#########.#
.o.oo.............>######.#####


You could see a centaur (confused, extremely poisoned).

Vanquished Creatures
  An ogre (D:4)
  A bullfrog (D:4)
  A howler monkey (D:4)
  An orc wizard (D:4)
  4 adders
  A howler monkey skeleton (D:4)
  An ooze (D:3)
  An adder skeleton (D:4)
  4 worms
  2 dart slugs
  3 leopard geckos
  9 orcs
  6 giant cockroaches
  9 goblins
  8 hobgoblins
  2 jackals (D:2)
  9 kobolds
  3 quokkas
  2 ball pythons (D:2)
  6 bats
  2 frilled lizards
  5 rats
81 creatures vanquished.

Notes
Turn   | Place    | Note
-------+----------+-------------------------------------------
     0 | D:1      | gruber the Octopode Venom Mage began the quest for the Orb.
     0 | D:1      | Reached XP level 1. HP: 11/11 MP: 3/3
   101 | D:1      | Reached skill level 4 in Poison Magic
   145 | D:1      | Reached XP level 2. HP: 17/17 MP: 5/5
   500 | D:2      | Reached skill level 5 in Poison Magic
   500 | D:2      | Reached XP level 3. HP: 21/21 MP: 6/6
   530 | D:2      | Learned a level 3 spell: Mephitic Cloud
   558 | D:2      | Found an ornate altar of the Wu Jian Council.
  1122 | D:2      | Found a glowing golden altar of the Shining One.
  1124 | D:2      | Found a basalt altar of Yredelemnul.
  1127 | D:2      | Reached XP level 4. HP: 27/27 MP: 7/7
  1130 | D:2      | Noticed a profane servitor
  1175 | D:2      | Reached skill level 6 in Poison Magic
  1648 | D:2      | Learned a level 3 spell: Ignite Poison
  1724 | D:2      | Noticed an angel
  1818 | D:3      | Found a shimmering altar of Xom.
  1847 | D:3      | Found a sparkling altar of Nemelex Xobeh.
  2117 | D:3      | Reached XP level 5. HP: 31/31 MP: 8/8
  2532 | D:4      | Noticed an ogre
  2554 | D:4      | Killed an ogre
  2555 | D:4      | Reached skill level 7 in Poison Magic
  2775 | D:4      | Reached XP level 6. HP: 31/36 MP: 9/9
  2841 | D:4      | Reached skill level 8 in Poison Magic
  3114 | D:4      | Slain by a centaur

Illustrated notes

Levels and vault maps discovered:
D:1:      minmay_arrival_doors, layout_rooms
D:2:      layout_loops_ring, lemuel_coloured_pillars_altar,
          grunt_temple_overflow_holy_war, minmay_distorted
D:3:      layout_loops_cross, nemelex_xobeh_ov_fountains_minmay,
          general_overflow_altar, serial_rivers, chequers_serial_rivers_micro_c,
          chequers_serial_rivers_micro_c, chequers_serial_rivers_micro_e,
          chequers_serial_rivers_micro_c, chequers_serial_rivers_room_a,
          chequers_serial_rivers_micro_e
D:4:      layout_basic, amcnicky_mini_pool_small

Skill      XL: |  1  2  3  4  5  6 |
---------------+-------------------+-----
Poison Magic   | 4 5 6 7 8 |  8.7
Dodging        | |  2.0
Stealth        | |  2.6
Spellcasting   | |  2.0
Transmutations | |  1.0

Action                   |  1- 3 |  4- 6 || total
-------------------------+-------+-------++-------
Melee: Short sword       |    59 |   111 ||   170
       Constrict         |    20 |    28 ||    48
       Unarmed           |     4 |       ||     4
       Tentacles         |     9 |    15 ||    24
 Cast: Sting             |     6 |     7 ||    13
       Mephitic Cloud    |       |     2 ||     2
 Stab: Sleeping          |    12 |     8 ||    20
Armor: Skin              |     5 |     6 ||    11
Dodge: Dodged            |    39 |    63 ||   102

Table legend: (Time is in decaauts)
 A = Elapsed time spent in this place.
 B = Non-inter-level travel time spent in this place.
 C = Inter-level travel time spent in this place.
 D = Time resting spent in this place.
 E = Time spent auto-exploring this place.
 F = Levels seen in this place.
 G = Mean time per level.
                   A        B        C        D        E       F      G
               +--------+--------+--------+--------+--------+-----+--------+
         Total |   3128 |   3071 |     57 |    138 |   2308 |   4 |  782.0 |
       Dungeon |   3128 |   3071 |     57 |    138 |   2308 |   4 |  782.0 |
               +--------+--------+--------+--------+--------+-----+--------+

Top non-repeatable levels by time:
     D:2: 1341 daAuts
     D:3: 680 daAuts
     D:4: 621 daAuts
     D:1: 485 daAuts
